 Dungeon Crawl Stone Soup version 0.24.0-37-gcf1ca852f1 (webtiles) character file.

Game seed: 3829151019421740084, levelgen mode: deterministic

1418 Delamore the Cleaver (level 8, 0/64 HPs)
             Began as a Hill Orc Fighter on Nov 27, 2019.
             Succumbed to a killer bee's poison
             ... on level 4 of the Dungeon.
             The game lasted 00:07:34 (5393 turns).

Delamore the Cleaver (Hill Orc Fighter)             Turns: 5393, Time: 00:07:35

Health: 0/64       AC:  6    Str: 21    XL:     8   Next: 71%
Magic:  8/8        EV:  7    Int: 13    God:
Gold:   275        SH:  9    Dex: 12    Spells: 7/7 levels left

rFire    . . .     SeeInvis .   a - +0 war axe
rCold    . . .     Gourm    .   c - +0 shield
rNeg     . . .     Faith    .   b - +0 scale mail
rPois    .         Spirit   .   (no helmet)
rElec    .         Reflect  .   (no cloak)
rCorr    .         Harm     .   (no gloves)
MR       .....                  (no boots)
Stlth    ..........             u - amulet of magic regeneration
HPRegen  0.20/turn              v - +2 ring of dexterity
MPRegen  0.36/turn              (no ring)

@: brilliant, lethally poisoned (0 -> -11)
A: no striking features
a: no special abilities


You were on level 4 of the Dungeon.
You were not hungry.

You visited 1 branch of the dungeon, and saw 5 of its levels.

You collected 275 gold pieces.

Inventory:

Hand Weapons
 a - a +0 war axe (weapon)
Missiles
 l - 4 throwing nets
 y - a datura-tipped dart
 A - 8 atropa-tipped darts (quivered)
Armour
 b - a +0 scale mail (worn)
 c - a +0 shield (worn)
Jewellery
 u - an amulet of magic regeneration (around neck)
 v - a +2 ring of dexterity (left hand)
Wands
 k - a wand of flame (11)
Scrolls
 e - 6 scrolls of identify {unknown}
 g - 2 scrolls of fog {unknown}
 m - a scroll of noise {unknown}
 p - 2 scrolls of amnesia {unknown}
 s - 2 scrolls of magic mapping {unknown}
 x - a scroll of fear {unknown}
Potions
 d - 2 potions of might
 h - 3 potions of curing {unknown}
 i - a potion of cancellation {unknown}
 j - 3 potions of flight {unknown}
 n - 2 potions of brilliance
 o - a potion of heal wounds {unknown}
 q - 2 potions of mutation {unknown}
 r - 2 potions of agility {unknown}
 t - a potion of haste {unknown}
 w - a potion of lignification {unknown}
Comestibles
 f - 6 rations
 z - 2 chunks of flesh


   Skills:
 - Level 3.6 Fighting
 + Level 13.3 Axes
 - Level 3.2 Armour
 - Level 3.2 Shields


You had 7 spell levels left.
You didn't know any spells.
Your spell library was empty.

Dungeon Overview and Level Annotations

Branches:
Dungeon (5/15)
 Temple: D:4-7

Altars:
Qazlal
Sif Muna
Yredelemnul
Zin

Annotations:
D:5 1 runed translucent door, Mrkan's ghost, novice MiFi


Message History

You closely miss the killer bee.
You feel sick. The killer bee stings you.
You are more poisoned.
The killer bee poisons you! The killer bee stings you.
* * * LOW HITPOINT WARNING * * *
You are more poisoned.
The killer bee poisons you!
You barely miss the killer bee.
You feel sick.
The killer bee stings you but does no damage.
The killer bee stings you.
* * * LOW HITPOINT WARNING * * *
You miss the killer bee.
You feel sick. The killer bee stings you.
* * * LOW HITPOINT WARNING * * *
You closely miss the killer bee.
* * * LOW HITPOINT WARNING * * *
You feel sick. The killer bee stings you!
* * * LOW HITPOINT WARNING * * *
You block the killer bee's attack.
It was a potion of brilliance.
You feel clever all of a sudden.
You die...

........##.#.#.##
##.#..#....)###.#
##.#..#.##.#.#(##
##.........##.##
##.##.#######.# ......#
#.# ......#######.#
##.#.......##.#####
...#.......##..†@.#
####.).....######y#
####...)...# #.#
...........# #.#
.###.......######.##
.###.......##......#
#####
......<.#####.##.>.#
#.... #.#######
#.##...#### ###.###
.)..#########.##......###
#☼...§#


You could see a killer bee.

Vanquished Creatures
  Grinder (D:3)
  Eustachio (D:3)
  An ice beast (D:5)
  An ogre (D:4)
  Blork the orc (D:4)
  A killer bee (D:4)
  A crimson imp (D:3)
  6 hounds
  A jelly (D:5)
  11 orc wizards
  2 iguanas (D:4)
  2 worker ants
  4 gnolls (D:4)
  4 adders
  2 oozes (D:1)
  An adder zombie (D:3)
  A worm (D:3)
  4 dart slugs
  5 leopard geckos
  10 orcs
  A ball python (D:1)
  3 giant cockroaches
  7 hobgoblins
  6 jackals
  8 kobolds
  A quokka (D:4)
  9 bats
  7 frilled lizards
  5 goblins
  4 rats
111 creatures vanquished.

Notes
Turn   | Place    | Note
-------+----------+-------------------------------------------
     0 | D:1      | Delamore the Hill Orc Fighter began the quest for the Orb.
     0 | D:1      | Reached XP level 1. HP: 19/19 MP: 1/1
    51 | D:1      | Reached skill level 3 in Axes
   119 | D:1      | Reached XP level 2. HP: 26/26 MP: 2/2
   230 | D:1      | Reached skill level 4 in Axes
   431 | D:1      | Reached XP level 3. HP: 23/31 MP: 3/3
   645 | D:2      | Reached skill level 5 in Axes
   854 | D:2      | Reached XP level 4. HP: 33/39 MP: 4/4
  1032 | D:2      | Reached skill level 6 in Axes
  1070 | D:2      | Found a glowing silver altar of Zin.
  1961 | D:3      | Reached XP level 5. HP: 43/45 MP: 5/5
  2037 | D:3      | Reached skill level 7 in Axes
  2254 | D:3      | Noticed Grinder
  2834 | D:3      | Killed Grinder
  2834 | D:3      | Reached skill level 9 in Axes
  2834 | D:3      | Reached XP level 6. HP: 28/51 MP: 6/6
  3160 | D:4      | Reached XP level 7. HP: 49/57 MP: 7/7
  3223 | D:4      | Noticed Blork the orc
  3248 | D:4      | Reached skill level 10 in Axes
  3259 | D:4      | Killed Blork the orc
  3503 | D:4      | Found a stormy altar of Qazlal.
  3560 | D:4      | Reached skill level 11 in Axes
  3674 | D:4      | Reached XP level 8. HP: 51/64 MP: 8/8
  3780 | D:4      | Found a shimmering blue altar of Sif Muna.
  4250 | D:4      | Noticed Eustachio
  4579 | D:3      | Killed Eustachio
  4579 | D:3      | Reached skill level 12 in Axes
  4919 | D:4      | Found a basalt altar of Yredelemnul.
  5034 | D:5      | Entered Level 5 of the Dungeon
  5080 | D:5      | Found a runed translucent door.
  5088 | D:5      | Noticed Mrkan's ghost (novice MiFi)
  5298 | D:5      | Reached skill level 13 in Axes
  5392 | D:4      | HP: 1/64 [killer bee (7)]
  5393 | D:4      | Succumbed to a killer bee's poison

Levels and vault maps discovered:
D:1:      shiori_shiawase, layout_loops_ring
D:2:      layout_basic, zin_scriptorium, hex_large, minmay_cupped
D:3:      layout_loops_corners, mrwooster_statue_mirror,
          grunt_decor_mini_mirrors, uniq_grinder
D:4:      layout_loops_cross, grunt_qazlal_clouds,
          lemuel_coloured_pillars_altar, led_sif_book, minmay_close_crescents,
          uniq_eustachio, uniq_blork_the_orc
D:5:      layout_basic, temple_green, first_ration, ebering_ghost_sewer_d

Skill      XL: |  1  2  3  4  5  6  7  8 |
---------------+-------------------------+-----
Axes           | 3 4 5 6 9 11 13 | 13.3
Fighting       | |  3.6
Armour         | |  3.2
Shields        | |  3.2

Action                   |  1- 3 |  4- 6 |  7- 9 || total
-------------------------+-------+-------+-------++-------
Melee: War axe           |    95 |   160 |   152 ||   407
Throw: Dart              |       |       |    28 ||    28
       Throwing net      |       |       |     2 ||     2
  Use: Potion            |       |       |     1 ||     1
  Eat: Chunk             |       |     5 |     6 ||    11
       Ration            |       |     1 |       ||     1
Armor: Scale mail        |    53 |    70 |    42 ||   165
Dodge: Dodged            |    40 |    30 |    49 ||   119
Block: Shield            |    54 |    67 |    74 ||   195
